 Dungeon Crawl Stone Soup version 0.32-a0-656-g3542139ebd (webtiles) character file.

Game seed: 9165145606489635021

23 Frost42 the Chopper (level 2, -1/13 (25) HPs)
             Began as a Mountain Dwarf Reaver on Mar 8, 2024.
             Slain by Natasha (6 damage)
             ... on level 2 of the Dungeon.
             The game lasted 00:08:31 (1989 turns).

Frost42 the Chopper (Mountain Dwarf Reaver)         Turns: 1989, Time: 00:08:31

HP:   -1/13 (25)    AC:  3    Str: 14    XL:     2   Next: 72%
MP:   0/4           EV: 11    Int: 13    God:
Gold: 28            SH:  0    Dex:  8    Spells: 3/4 levels left

rFire   . . .        a - +0 hand axe
rCold   . . .        (no shield)
rNeg    . . .        b - +0 leather armour
rPois   .            (no helmet)
rElec   .            (no cloak)
rCorr   .            (no gloves)
SInv    .            (no boots)
Will    .....        c - amulet of guardian spirit
Stlth   +            (no ring)
HPRegen 0.22/turn    (no ring)
MPRegen 0.09/turn

%: guardian spirit
@: very heavily drained
A: runic magic, artefact enchanting
a: no special abilities


You were on level 2 of the Dungeon.
You visited 1 branch of the dungeon, and saw 2 of its levels.

You collected 28 gold pieces.

Inventory:

Hand Weapons
 a - a +0 hand axe (weapon)
Missiles
 h - 11 stones (quivered)
Armour
 b - a +0 leather armour (worn)
Jewellery
 c - an amulet of guardian spirit (around neck)
 f - an amulet of magic regeneration
Talismans
 e - a blade talisman
Scrolls
 d - a scroll of identify
 g - a scroll of enchant armour
Potions
 i - a potion of curing {unknown}


   Skills:
 * Level 2.8 Fighting
 + Level 4.1 Axes
 + Level 1.5 Dodging
 * Level 1.9 Spellcasting
 + Level 2.8 Conjurations


You had 3 spell levels left.
You knew the following spells:

 Your Spells              Type           Power      Damage    Failure   Level
a - Kiss of Death         Conj/Necr      16%        2d6       16%         1

Your spell library contained the following spells:

 Spells                   Type           Power      Damage    Failure   Level
 Momentum Strike          Conj/Tloc      8%         3d8       22%         2
 Hailstorm                Conj/Ice       4%         3d5       41%         3


Dungeon Overview and Level Annotations

Branches:
Dungeon (2/15)

Altars:

Annotations:
D:2 Natasha


Innate Abilities, Weirdness & Mutations

Your spellcasting is much less encumbered by armour.
You can use scrolls of enchantment on lesser artefacts.


Message History

Found 9 stones.
You see here 9 stones.
You see here 9 stones.
h - 9 stones
h - 11 stones (gained 2)
There is an open door here.
Things that are here:
a +0 club; a kobold skeleton
There is an open door here.
There is an open door here.
You open the door.
There is an open door here.
You see here a +0 robe.
You see here a +0 robe.
Items here: )) รทรท.
There is an open door here.
You open the door.
There is an open door here.
i - a yellow potion Done exploring.
There is a stone staircase leading down here.
You climb downwards.
Natasha hisses angrily.
Found a scroll labelled QOETIY LIYJOA and 12 gold pieces.
There is a stone staircase leading up here.
Found 7 stones.
You see here a scroll labelled QOETIY LIYJOA.
There is a stone staircase leading up here.
Natasha claws you.
You closely miss Natasha. You closely miss the giant cockroach.
The giant cockroach closely misses you.
The giant cockroach bites you but does no damage.
Natasha claws you.
You completely miss Natasha. You closely miss the giant cockroach.
The giant cockroach barely misses you. Natasha claws you.
You closely miss Natasha.
You hit the giant cockroach but do no damage.
The giant cockroach closely misses you. Natasha claws you!
You die...
Natasha begins licking her fur clean.

##### ##...##
####.....##
........<.######
(......B@.......
###.....h.#####.
##.....##
#....$..#
#.#.##..# #.#.
#..# # #. ....
#...


You could see Natasha and a giant cockroach.

Vanquished Creatures
  2 dart slugs (D:1)
  A bat (D:1)
  5 endoplasms (D:1)
  2 goblins (D:1)
  3 kobolds (D:1)
  3 ball pythons (D:1)
16 creatures vanquished.

Notes
Turn   | Place    | Note
-------+----------+-------------------------------------------
     0 | D:1      | Frost42 the Mountain Dwarf Reaver began the quest for the
                  | Orb.
     0 | D:1      | Reached XP level 1. HP: 17/17 MP: 3/3
   284 | D:1      | Reached XP level 2. HP: 16/18 MP: 1/4
   309 | D:1      | Reached skill level 4 in Axes
  1981 | D:2      | Noticed Natasha
  1989 | D:2      | Slain by Natasha

Illustrated notes

Levels and vault maps discovered:
D:1:      roderic_chinese_lattice_arrival, layout_basic
D:2:      layout_loops_ring, shapermc_ecumenical_altar_notcrosses, uniq_natasha

Skill      XL: |  1  2 |
---------------+-------+-----
Axes           | 4 |  4.1
Fighting       | |  2.8
Dodging        | |  1.5
Spellcasting   | |  1.9
Conjurations   | |  2.8

Action                     || total
---------------------------++-------
  Melee: Hand axe          ||    40
         Unarmed           ||     1
  Throw: Stone             ||     2
   Cast: Kiss of Death     ||     5
    Use: Scroll            ||     1
 Armour: Leather armour    ||    33
  Dodge: Dodged            ||    18
         Form:             ||     1
         Blade             ||     1

Table legend: (Time is in decaauts)
 A = Elapsed time spent in this place.
 B = Non-inter-level travel time spent in this place.
 C = Inter-level travel time spent in this place.
 D = Time resting spent in this place.
 E = Time spent auto-exploring this place.
 F = Levels seen in this place.
 G = Mean time per level.
                   A        B        C        D        E       F      G
               +--------+--------+--------+--------+--------+-----+--------+
         Total |   1992 |   1969 |     23 |    966 |    332 |   2 |  996.0 |
       Dungeon |   1992 |   1969 |     23 |    966 |    332 |   2 |  996.0 |
               +--------+--------+--------+--------+--------+-----+--------+

Top non-repeatable levels by time:
     D:1: 1984 daAuts
     D:2: 7 daAuts
